 Dungeon Crawl Stone Soup version 0.31-a0-40-g1d5085d191 (webtiles) character file.

Game seed: 149022664419838621

72 pk666 the Magician (level 4, -1/24 HPs)
             Began as a Deep Elf Fire Elementalist on May 18, 2023.
             Killed by divine providence
             ... invoked by an orc priest
              (13 damage)
             ... on level 3 of the Dungeon.
             The game lasted 00:02:01 (2354 turns).

pk666 the Magician (Deep Elf Fire Elementalist)     Turns: 2354, Time: 00:02:21

Health: -1/24      AC:  3    Str:  5    XL:     4   Next: 6%
Magic:  3/11       EV: 13    Int: 22    God:
Gold:   112        SH:  0    Dex: 15    Spells: 7/10 levels left

rFire   . . .        (no weapon)
rCold   . . .        (no shield)
rNeg    . . .        a - +0 robe
rPois   .            (no helmet)
rElec   .            (no cloak)
rCorr   .            k - +0 pair of gloves
SInv    .            (no boots)
Will    .....        (no amulet)
Stlth   ++           (no ring)
HPRegen 0.24/turn    (no ring)
MPRegen 0.12/turn

%: no passive effects
@: lethally poisoned (-1 -> -5), very slightly contaminated
A: no striking features
a: no special abilities


You were on level 3 of the Dungeon.
You visited 1 branch of the dungeon, and saw 3 of its levels.

You collected 112 gold pieces.

Inventory:

Missiles
 l - a throwing net
Armour
 a - a +0 robe (worn)
 k - a +0 pair of gloves (worn)
Jewellery
 e - an amulet of reflection
Scrolls
 d - 7 scrolls of identify {unknown}
 f - 2 scrolls of blinking {unknown}
 g - 2 scrolls of magic mapping {unknown}
 j - a scroll of vulnerability {unknown}
Potions
 b - a potion of magic
 h - a potion of curing {unknown}
 i - a potion of invisibility {unknown}


   Skills:
 + Level 3.3 Dodging
 - Level 2.4 Stealth
 + Level 3.9 Spellcasting
 + Level 2.2 Conjurations
 + Level 3.9 Fire Magic


You had 7 spell levels left.
You knew the following spells:

 Your Spells              Type           Power      Damage    Failure   Level
a - Foxfire               Conj/Fire      72%        2x1d7     3%          1
b - Scorch                Fire           42%        2d6       3%          2

Your spell library contained the following spells:

 Spells                   Type           Power      Damage    Failure   Level
 Inner Flame              Hex/Fire       13%        N/A       16%         3
 Volatile Blastmotes      Fire/Tloc      26%        2d12      16%         3
 Ensorcelled Hibernation  Hex/Ice        8%         N/A       17%         2
 Flame Wave               Conj/Fire      18%        2d7       30%         4
 Spider Form              Tmut/Pois      4%         N/A       34%         3
 Anguish                  Hex/Necr       2%         N/A       75%         4


Dungeon Overview and Level Annotations

Branches:
Dungeon (3/15)

Altars:


Message History

The adder bites you but does no damage.
Casting: Scorch (safe; 3% risk of failure)
Confirm with . or Enter, or press ? or * to list all spells.
You conjure some foxfire!
The adder closely misses you.
The orc wizard mumbles some strange words.
The orc wizard flickers and vanishes!
Deactivating autopickup; reactivate with Ctrl-A.
The adder bites you.
You are poisoned.
The adder poisons you!
You feel sick.
The foxfire hits the orc!
You kill the orc!
The foxfire hits the orc priest but does no damage.
The orc priest is severely wounded.
The adder bites you.
You are lethally poisoned!
The adder poisons you!
Casting: Foxfire (safe; 3% risk of failure)
Confirm with . or Enter, or press ? or * to list all spells.
You conjure some foxfire!
* * * LOW HITPOINT WARNING * * *
You feel very sick. The adder barely misses you.
The orc priest hits you but does no damage.
* * * LOW HITPOINT WARNING * * *
You feel sick.
The orc priest is no longer more vulnerable to fire.
The foxfire hits the orc priest but does no damage.
The orc priest is severely wounded.
The foxfire hits the orc priest.
The orc priest is severely wounded.
The adder bites you.
* * * LOW HITPOINT WARNING * * *
It was a potion of heal wounds.
You feel much better.
You feel sick.
The orc wizard is no longer more vulnerable to fire.
The adder bites you. The adder bites you but does no damage.
The orc priest mumbles some strange prayers to Beogh against you.
Beogh smites you!
Ouch! That really hurt!
You die...

###############
#######~~~~~~~~~~~~~#
.....#~.......§o..~#
..##.#~........@o.~#
#.##.#~..#######S.~#
.#.##.#~..# ..~#
.#.##.#†..# ..~#
..)...'.).# ...+
##.####~..# ..~#
##.####~..# ..~#
......#~..# ..~#
##.####~....


You could see an orc priest, an orc wizard and an adder.

Vanquished Creatures
  Terence (D:2)
  An adder (D:2)
  A worm (D:2)
  A dart slug (D:1)
  An orc (D:3)
  3 endoplasms
  A giant cockroach (D:1)
  4 hobgoblins
  3 quokkas
  4 ball pythons (D:1)
  A frilled lizard (D:2)
  2 goblins (D:1)
  5 kobolds
  4 rats
32 creatures vanquished.

Vanquished Creatures (others)
  151 foxfires
151 creatures vanquished.

Grand Total: 183 creatures vanquished

Notes
Turn   | Place    | Note
-------+----------+-------------------------------------------
     0 | D:1      | pk666 the Deep Elf Fire Elementalist began the quest for
                  | the Orb.
     0 | D:1      | Reached XP level 1. HP: 10/10 MP: 6/6
   464 | D:1      | Reached XP level 2. HP: 15/15 MP: 5/8
  1242 | D:1      | Learned a level 2 spell: Scorch
  1377 | D:2      | Reached XP level 3. HP: 19/19 MP: 0/10
  1527 | D:2      | Noticed Terence
  1531 | D:2      | Killed Terence
  2136 | D:3      | Reached XP level 4. HP: 24/24 MP: 5/11
  2354 | D:3      | Killed from afar by an orc priest

Illustrated notes

Levels and vault maps discovered:
D:1:      erik_arrival_orb_chamber, layout_basic, minmay_stone_trees_small
D:2:      layout_loops_ring, uniq_terence
D:3:      layout_loops_cross, nicolae_tso_besieged_by_evil, kennysheep_path_1

Skill      XL: |  1  2  3 |
---------------+----------+-----
Dodging        | 3 |  3.3
Conjurations   | 2 |  2.2
Stealth        | |  2.4
Spellcasting   | |  3.9
Fire Magic     | |  3.9

Action                     |  1- 3 |  4- 6 || total
---------------------------+-------+-------++-------
   Cast: Foxfire           |    86 |     6 ||    92
         Scorch            |     8 |     2 ||    10
    Use: Potion            |       |     1 ||     1
 Armour: Robe              |     1 |     3 ||     4
  Dodge: Dodged            |    11 |     6 ||    17

Table legend: (Time is in decaauts)
 A = Elapsed time spent in this place.
 B = Non-inter-level travel time spent in this place.
 C = Inter-level travel time spent in this place.
 D = Time resting spent in this place.
 E = Time spent auto-exploring this place.
 F = Levels seen in this place.
 G = Mean time per level.
                   A        B        C        D        E       F      G
               +--------+--------+--------+--------+--------+-----+--------+
         Total |   2353 |   2305 |     48 |    136 |   1885 |   3 |  784.3 |
       Dungeon |   2353 |   2305 |     48 |    136 |   1885 |   3 |  784.3 |
               +--------+--------+--------+--------+--------+-----+--------+

Top non-repeatable levels by time:
     D:1: 1256 daAuts
     D:2: 865 daAuts
     D:3: 231 daAuts
